 Dungeon Crawl Stone Soup version 0.22-a0-455-ga0624bf (webtiles) character file.

1844 galech the Fighter (level 9, -2/96 HPs)
             Began as an Ogre Berserker on June 5, 2018.
             Was a Priest of Trog.
             Slain by an ogre
             ... wielding a +0 giant spiked club
              (19 damage)
             ... on level 7 of the Dungeon.
             The game lasted 00:09:46 (6895 turns).

galech the Fighter (Ogre Berserker)                 Turns: 6895, Time: 00:09:47

Health: -2/96      AC: 12    Str: 26    XL:     9   Next: 12%
Magic:  9/9        EV: 12    Int:  8    God:    Trog [***...]
Gold:   308        SH:  0    Dex:  8    Spells: 8/8 levels left

rFire    . . .     SeeInvis .   A - +1 flail (protect)
rCold    . . .     Gourm    .   (no shield)
rNeg     . . .     Faith    .   b - +0 animal skin
rPois    .         Spirit   .   (helmet restricted)
rElec    .         Reflect  .   (no cloak)
rCorr    .         Harm     .   (gloves unavailable)
MR       +....                  (boots unavailable)
Stlth    ++........             (no amulet)
HPRegen  0.26/turn              v - +2 ring of protection
MPRegen  0.11/turn              y - ring of protection from magic

@: protection aura, berserk cooldown, slowed, very slow
A: large, unfitting armour, tough skin 1
a: Berserk, Trog's Hand, Renounce Religion


You were on level 7 of the Dungeon.
You worshipped Trog.
Trog was most pleased with you.
You were not hungry.

You visited 1 branch of the dungeon, and saw 7 of its levels.

You collected 308 gold pieces.

Inventory:

Hand Weapons
 A - a +1 flail of protection (weapon)
Armour
 b - a +0 animal skin (worn)
Jewellery
 v - a +2 ring of protection (left hand)
 y - a ring of protection from magic (right hand)
Wands
 q - a wand of iceblast (9)
Scrolls
 e - a scroll of amnesia {unknown}
 f - 2 scrolls of remove curse
 h - a scroll of blinking {unknown}
 l - a scroll of fog {unknown}
 m - a scroll of noise {unknown}
 n - 4 scrolls of identify {unknown}
 s - a scroll of enchant weapon {unknown}
 u - a scroll of random uselessness {unknown}
 w - 2 scrolls of immolation {unknown}
Potions
 d - a potion of mutation {unknown}
 g - 3 potions of lignification {unknown}
 i - 3 potions of curing
 j - a potion of berserk rage {unknown}
 k - 3 potions of brilliance {unknown}
 o - 3 potions of agility {unknown}
 p - 4 potions of might {unknown}
 r - 3 potions of heal wounds {unknown}
 t - 2 potions of haste {unknown}
 x - 2 potions of magic {unknown}
Comestibles
 c - 8 rations


   Skills:
 + Level 8.0 Fighting
 + Level 7.6 Maces & Flails
 + Level 6.1 Dodging
 + Level 2.1 Stealth


You had 8 spell levels left.
You didn't know any spells.
Your spell library was empty.

Dungeon Overview and Level Annotations

Branches:
Dungeon (7/15)             Temple (0/1) D:4

Altars:
Cheibriados
Dithmenos
Elyvilon
Kikubaaqudgha
Xom


Innate Abilities, Weirdness & Mutations

You are too large for most types of armour.
You have tough skin. (AC +1)


Message History

The yak is heavily wounded.
The yak gores you.
You hit the yak but do no damage.
The yak is heavily wounded.
The yak gores you!
* * * LOW HITPOINT WARNING * * *
The yak gores you!
* * * LOW HITPOINT WARNING * * *
You sock the yak!
The yak is almost dead.
The yak barely misses you.
You thump the yak!
You kill the yak!
Trog accepts your kill.
Your Fighting skill increases to level 8!
Your Dodging skill increases to level 6!
Your skin stops crawling.
You feel less resistant to hostile enchantments.
The ogre hits you with a giant spiked club!!
You die...

###
#<#
#@#
#O#
...
...##
###.#
#.#
..#
..#


You could see an ogre.

Vanquished Creatures
  4 yaks (D:7)
  Duvessa (D:5)
  An orc warrior (D:6)
  A phantom (D:5)
  A bullfrog (D:6)
  Dowan (D:5)
  3 vampire bats (D:5)
  A crimson imp (D:5)
  5 hounds
  2 jellies (D:4)
  A gnoll shaman (D:4)
  3 orc wizards
  2 worker ants (D:6)
  Terence (D:3)
  A killer bee zombie (D:6)
  A hound zombie (D:5)
  A howler monkey zombie (D:5)
  Robin (D:3)
  3 gnolls (D:4)
  5 adders
  2 shadow imps (D:5)
  An ooze (D:2)
  3 adder skeletons
  2 dart slugs
  3 leopard geckos
  13 orcs
  4 bat skeletons (D:5)
  A bat zombie (D:5)
  4 giant cockroaches
  15 goblins
  10 hobgoblins
  3 iguanas (D:4)
  16 jackals
  8 kobolds
  2 quokkas (D:2)
  A ball python (D:3)
  6 bats
  7 frilled lizards
  A leopard gecko zombie (D:6)
  7 rats
148 creatures vanquished.

Notes
Turn   | Place    | Note
-------+----------+-------------------------------------------
     0 | D:1      | galech the Ogre Berserker began the quest for the Orb.
     0 | D:1      | Reached XP level 1. HP: 24/24 MP: 1/1
    88 | D:1      | Reached XP level 2. HP: 29/32 MP: 2/2
   867 | D:2      | Reached XP level 3. HP: 23/40 MP: 3/3
  1052 | D:2      | Reached ** piety under Trog
  1140 | D:2      | Reached skill level 5 in Fighting
  1225 | D:2      | Reached XP level 4. HP: 49/50 MP: 4/4
  1896 | D:3      | Noticed Robin
  1931 | D:3      | Killed Robin
  2002 | D:3      | Noticed Terence
  2229 | D:3      | Killed Terence
  2229 | D:3      | Reached XP level 5. HP: 45/57 MP: 5/5
  2569 | D:4      | Found a shimmering altar of Xom.
  2657 | D:4      | Reached *** piety under Trog
  3230 | D:4      | Reached XP level 6. HP: 65/67 MP: 6/6
  3575 | D:4      | Found a snail-covered altar of Cheibriados.
  3576 | D:4      | Found a shimmering altar of Xom.
  3593 | D:4      | Reached skill level 6 in Fighting
  3826 | D:4      | Found a staircase to the Ecumenical Temple.
  4149 | D:4      | Reached XP level 7. HP: 66/75 MP: 7/7
  4270 | D:4      | Reached skill level 5 in Maces & Flails
  4270 | D:4      | Reached skill level 1 in Stealth
  4434 | D:5      | Entered Level 5 of the Dungeon
  4646 | D:5      | Found a white marble altar of Elyvilon.
  4666 | D:5      | Found an ancient bone altar of Kikubaaqudgha.
  4979 | D:5      | Found a shadowy altar of Dithmenos.
  5062 | D:5      | Noticed Duvessa
  5062 | D:5      | Noticed Dowan
  5180 | D:5      | Killed Duvessa
  5180 | D:5      | Reached skill level 5 in Dodging
  5180 | D:5      | Reached XP level 8. HP: 84/84 MP: 8/8
  5183 | D:5      | Killed Dowan
  5184 | D:5      | Reached **** piety under Trog
  5187 | D:5      | Reached skill level 7 in Fighting
  6868 | D:7      | Noticed a yak
  6868 | D:7      | Noticed a yak
  6868 | D:7      | Noticed a yak
  6869 | D:7      | Noticed a yak
  6876 | D:7      | Killed a yak
  6881 | D:7      | Killed a yak
  6886 | D:7      | Killed a yak
  6886 | D:7      | Reached XP level 9. HP: 96/96 MP: 9/9
  6895 | D:7      | Reached skill level 8 in Fighting
  6895 | D:7      | Slain by an ogre

Vault maps used:
D:1:      dpeg_arrival_pond
D:2:      first_ration
D:3:      uniq_robin, uniq_terence
D:4:      chequers_temple_overflow_statue_of_worship,
          minmay_temple_entry_statues_pillars, hangedman_abyss_or_decor_stagger,
          dk_xom_monty_hall
D:5:      kennysheep_vampire_church, grunt_dithmenos_shadows,
          overflow_temple_1_default, uniq_duvessa
D:6:      nicolae_whirlpool
D:7:      kennysheep_little_box, grunt_ogre_cave, corexii_corridor_pit,
          uniq_pikel

Skill      XL: |  1  2  3  4  5  6  7  8  9 |
---------------+----------------------------+-----
Dodging        | 3 4 5 6 |  6.1
Maces & Flails | 3 4 6 7 |  7.6
Fighting       | 5 6 7 8 |  8.0
Stealth        | 1 2 |  2.1

Action                   |  1- 3 |  4- 6 |  7- 9 || total
-------------------------+-------+-------+-------++-------
Melee: Mace              |   108 |   203 |   169 ||   480
       Flail             |       |       |    39 ||    39
Invok: Berserk           |     1 |     7 |     6 ||    14
       Trog's Hand       |       |     2 |     3 ||     5
  Use: Potion            |       |     1 |       ||     1
       Scroll            |       |     1 |       ||     1
  Eat: Chunk             |     2 |    17 |     5 ||    24
       Ration            |       |       |     3 ||     3
Armor: Animal skin       |    58 |    48 |    76 ||   182
Dodge: Dodged            |    94 |   137 |   153 ||   384

Table legend:
 A = Spawn XP
 B = Non-spawn XP
 C = Spawn XP percentage of total XP
 D = Spawn monster count
 E = Non-spawn monster count
 F = Spawn count percentage of total count
 G = Total turns spent on level
                    A         B        C        D         E        F      G
               +---------+---------+-------+---------+---------+-------+---------
         Total |       0 |    2635 |   0.0 |       0 |     148 |   0.0 |  6895
               +---------+---------+-------+---------+---------+-------+---------
           D:1 |       0 |      25 |   0.0 |       0 |      15 |   0.0 |   616
           D:2 |       0 |      75 |   0.0 |       0 |      33 |   0.0 |  1369
           D:3 |       0 |     103 |   0.0 |       0 |      27 |   0.0 |   573
           D:4 |       0 |     501 |   0.0 |       0 |      27 |   0.0 |  1975
           D:5 |       0 |     690 |   0.0 |       0 |      22 |   0.0 |   986
           D:6 |       0 |     437 |   0.0 |       0 |      20 |   0.0 |  1349
           D:7 |       0 |     804 |   0.0 |       0 |       4 |   0.0 |    27
               +---------+---------+-------+---------+---------+-------+---------
